 Dungeon Crawl Stone Soup version 0.31.0-4-g52a2dc7128 (webtiles) character file.

Game seed: 12698141577006076897

10838 PaiMei the Merchant of Misery (level 11, 0/89 HPs)
             Began as a Demonspawn Necromancer on Jan 22, 2024.
             Was a Believer of Kikubaaqudgha.
             Slain by a wyvern (5 damage)
             ... while petrified by a basilisk
             ... on level 10 of the Dungeon.
             The game lasted 00:24:28 (17492 turns).

PaiMei the Merchant of Misery (DsNe)               Turns: 17492, Time: 00:24:29

Health: 0/89       AC:  4    Str:  8    XL:     11   Next: 41%
Magic:  17/23      EV:  2    Int: 19    God:    Kikubaaqudgha [**....]
Gold:   473        SH:  0    Dex: 21    Spells: 14/27 levels left

rFire   + . .        N - +7 whip "Foijesua" {heavy, rF+}
rCold   . . .        (no shield)
rNeg    + + +        a - +0 robe
rPois   ∞            (no helmet)
rElec   .            (no cloak)
rCorr   .            (no gloves)
SInv    .            (boots unavailable)
Will    .....        p - amulet of regeneration
Stlth   ++           j - +5 ring of evasion
HPRegen 1.14/turn    l - +6 ring of dexterity
MPRegen 0.18/turn

%: no passive effects
@: petrified
A: hooves 3, slimy green scales 1, demonic guardian 3
a: Renounce Religion, Unearth Wretches


You were on level 10 of the Dungeon.
You worshipped Kikubaaqudgha.
Kikubaaqudgha was pleased with you.
You visited 2 branches of the dungeon, and saw 12 of its levels.

You collected 632 gold pieces.
You spent 159 gold pieces at shops.

Inventory:

Hand Weapons
 n - a +2 short sword of protection
 z - a +2 flail of venom
 L - a +1 scimitar of flaming
 N - the +7 whip "Foijesua" (weapon) {heavy, rF+}
   (You found it on level 10 of the Dungeon)

   rF+:       It protects you from fire.
Missiles
 r - 13 poisoned darts
 E - 4 datura-tipped darts (quivered)
 M - a throwing net
Armour
 a - a +0 robe (worn)
 y - the +1 robe "Wanydu" {Fly Will++ Int-3}
   (You bought it in a shop on level 6 of the Dungeon)

   Int-3:     It affects your intelligence (-3).
   Will++:    It greatly increases your willpower.
   Fly:       It grants you flight.
Jewellery
 j - a +5 ring of evasion (left hand)
 l - a +6 ring of dexterity (right hand)
 p - an amulet of regeneration (around neck)
 s - a ring of flight
 A - a ring of willpower
 B - an amulet of faith
 K - a +5 ring of evasion
Talismans
 I - a serpent talisman
Wands
 x - a wand of light (11)
 C - a wand of mindburst (21)
Scrolls
 d - a scroll of butterflies {unknown}
 f - 6 scrolls of identify {unknown}
 g - 2 scrolls of fear {unknown}
 k - a scroll of immolation {unknown}
 o - 2 scrolls of blinking {unknown}
 t - 5 scrolls of teleportation {unknown}
 u - a scroll of poison {unknown}
 v - 2 scrolls of vulnerability {unknown}
 F - a scroll of enchant armour {unknown}
 J - a scroll of enchant weapon {unknown}
 O - a scroll of noise {unknown}
Potions
 b - 2 potions of magic
 c - a potion of degeneration {unknown}
 e - 6 potions of enlightenment {unknown}
 h - 3 potions of brilliance {unknown}
 i - 7 potions of curing {unknown}
 m - 2 potions of cancellation {unknown}
 q - 2 potions of haste {unknown}
 w - a potion of invisibility {unknown}
 D - a potion of berserk rage {unknown}
 G - a potion of mutation {unknown}
 H - 2 potions of heal wounds {unknown}


   Skills:
 + Level 9.0 Fighting
 + Level 8.6 Dodging
 - Level 2.0 Stealth
 + Level 8.6 Spellcasting
 + Level 11.0 Necromancy


You had 14 spell levels left.
You knew the following spells:

 Your Spells              Type           Power      Damage    Failure   Level
a - Necrotise             Necr           100%       1d9       1%          1
b - Vampiric Draining     Necr           50%        2d9       1%          3
c - Animate Dead          Necr           50%        N/A       1%          4
d - Curse of Agony        Necr           50%        N/A       2%          5

Your spell library contained the following spells:

 Spells                   Type           Power      Damage    Failure   Level
 Sublimation of Blood     Necr           50%        N/A       1%          2
 Cigotuvi's Dreadful Rot  Necr/Alch/Air  44%        N/A       3%          2
 Ensorcelled Hibernation  Hex/Ice        16%        N/A       13%         2
 Scorch                   Fire           16%        2d5       13%         2
 Gell's Gravitas          Tloc           8%         N/A       26%         3
 Ozocubu's Armour         Ice            8%         N/A       26%         3
 Passwall                 Erth           8%         N/A       26%         3
 Swiftness                Air            8%         N/A       26%         3
 Teleport Other           Tloc           8%         N/A       26%         3
 Flame Wave               Conj/Fire      8%         2d5       65%         4
 Metabolic Englaciation   Hex/Ice        4%         N/A       94%         5
 Dispersal                Tloc           4%         N/A       100%        6
 Sculpt Simulacrum        Ice/Alch       4%         N/A       100%        6
 Summon Cactus Giant      Summ           4%         N/A       100%        6
 Ozocubu's Refrigeration  Ice            4%         4d8       100%        7
 Polar Vortex             Ice            4%         N/A       100%        9


Dungeon Overview and Level Annotations

Branches:
Dungeon (11/15)            Temple (1/1) D:4
   Lair: D:8-11         Orc: D:9-12

Altars:
Ashenzari
Cheibriados
Dithmenos
Fedhas
Gozag
Hepliaklqana
Kikubaaqudgha
Makhleb
Nemelex Xobeh
Okawaru
Qazlal
Ru
Sif Muna
Trog
Uskayaw
Vehumet
Wu Jian
Xom
Yredelemnul

Shops:
D:2 *   D:6 [[::(

Annotations:
D:6 Menkaure
D:9 exclusion: ice statue
D:10 1 runed translucent door, pigah's ghost, journeyman OpSh


Innate Abilities, Weirdness & Mutations

You have hooves in place of feet.
You are partially covered in slimy green scales. (AC +2)
A powerful demonic guardian rushes to your aid.


Message History

Aim: a basilisk (severely wounded, cursed with the promise of agony)
You draw life force from the basilisk!
The wyvern bites you!
A howler monkey comes into view.
The howler monkey hoots and howls with incredible vigour!
The basilisk bites you! The wyvern bites you!
The howler monkey howls!
You have turned to stone.
The wyvern bites you.
The basilisk bites you but does no damage.
The wyvern bites you.
The basilisk is freed from its curse.
The basilisk gazes at you. You resist with some effort. The wyvern bites you!
The wyvern bites you. The howler monkey hits you. The basilisk gazes at you.
You resist with some effort.
The wyvern bites you but does no damage.
The howler monkey hits you! The basilisk gazes at you.
You resist with some effort. The wyvern bites you! The wyvern bites you!
The basilisk gazes at you. You resist with some effort.
The howler monkey hits you. The wyvern bites you! The basilisk bites you.
The wyvern bites you. The swamp drake bites you!
The howler monkey barely misses you. The wyvern bites you!
The howler monkey hits you.
* * * LOW HITPOINT WARNING * * *
The basilisk bites you.
* * * LOW HITPOINT WARNING * * *
The swamp drake bites you!
* * * LOW HITPOINT WARNING * * *
A demonic guardian appears!
The wyvern bites you!
* * * LOW HITPOINT WARNING * * *
The howler monkey hits you.
* * * LOW HITPOINT WARNING * * *
The swamp drake bites you!
* * * LOW HITPOINT WARNING * * *
The wyvern bites you!
You die...
Kikubaaqudgha rasps: "You have failed me!
Welcome... oblivion!"

#.# #.#..# #.# #.#..#
#.# #..... ###### ###
######
###..#.##########
#.#.##........÷.##
.#.###3.......###....##
......kh....###
####..## .....hl@.#.##
###.. .....##k#### ###
#.. ##. . ##


You could see a basilisk, a swamp drake (ally target), a wyvern, 2 howler
monkeys and a friendly smoke demon (summoned).

Vanquished Creatures
  A two-headed ogre (D:10)
  An ugly thing (D:10)
  An efreet (D:10)
  A troll (D:11)
  A wyvern (D:8)
  Sigmund (D:5)
  12 yaks
  A wraith (D:10)
  A basilisk (D:10)
  An acid dragon (D:10)
  A water moccasin (D:7)
  An ice beast (D:6)
  5 orc warriors
  2 ogres
  4 centaurs
  A phantom (D:6)
  2 kobold brigands
  2 bullfrogs
  2 gnoll sergeants (D:10)
  A scorpion (D:6)
  3 wights
  9 killer bees
  5 howler monkeys
  4 jellies
  10 orc priests
  3 bombardier beetles
  5 hounds
  2 iguanas
  A sleepcap (D:5)
  9 orc wizards
  8 gnolls
  2 adders (D:2)
  2 white imps (D:7)
  4 ufetubi
  2 dart slugs
  2 ribbon worms
  37 orcs
  4 endoplasms
  2 giant cockroaches
  4 hobgoblins
  9 jackals
  12 kobolds
  6 quokkas
  2 ball pythons
  3 bats
  6 frilled lizards
  9 goblins
  4 rats
211 creatures vanquished.

Vanquished Creatures (collateral kills)
  Erica (D:9)
  2 two-headed ogres
  A gargoyle (D:11)
  9 yaks (D:9)
  An orc warrior (D:9)
  A killer bee (D:7)
  A gnoll (D:2)
  An adder (D:5)
  3 orcs
  A ball python (D:2)
21 creatures vanquished.

Vanquished Creatures (others)
  An ugly thing zombie (D:10)
  An orc (D:10)
2 creatures vanquished.

Grand Total: 234 creatures vanquished

Notes
Turn   | Place    | Note
-------+----------+-------------------------------------------
     0 | D:1      | PaiMei the Demonspawn Necromancer began the quest for the
                  | Orb.
     0 | D:1      | Reached XP level 1. HP: 13/13 MP: 3/3
   584 | D:1      | Gained mutation: A weak demonic guardian rushes to your
                  | aid. [demonic ancestry]
   584 | D:1      | Reached XP level 2. HP: 19/19 MP: 3/5
  1645 | D:2      | Reached XP level 3. HP: 23/25 MP: 1/6
  1649 | D:2      | Learned a level 3 spell: Vampiric Draining
  1786 | D:2      | Reached skill level 1 in Fighting
  1944 | D:2      | Gained mutation: You are partially covered in slimy green
                  | scales. (AC +2) [demonic ancestry]
  1944 | D:2      | Reached XP level 4. HP: 32/32 MP: 3/7
  2002 | D:2      | Found Venap's Assorted Antiques.
  2095 | D:2      | Reached skill level 5 in Necromancy
  2794 | D:3      | Gained mutation: You have large cloven feet. [demonic
                  | ancestry]
  2794 | D:3      | Reached XP level 5. HP: 18/38 MP: 3/9
  3239 | D:3      | Found a faded altar of an unknown god.
  3277 | D:3      | Found a burning altar of Makhleb.
  3952 | D:4      | Found a broken altar of Ashenzari.
  3969 | D:4      | Noticed a phantom
  4077 | D:4      | Gained mutation: You have hoof-like feet. [demonic
                  | ancestry]
  4077 | D:4      | Reached XP level 6. HP: 40/46 MP: 2/11
  4399 | D:4      | Found a staircase to the Ecumenical Temple.
  4405 | Temple   | Entered the Ecumenical Temple
  4778 | D:5      | Entered Level 5 of the Dungeon
  5010 | D:5      | Noticed a two-headed ogre
  5321 | D:5      | Reached skill level 6 in Necromancy
  5321 | D:5      | Reached XP level 7. HP: 38/52 MP: 5/12
  5853 | D:5      | Noticed Sigmund
  5975 | D:4      | Learned a level 4 spell: Animate Dead
  6244 | D:6      | Noticed Menkaure
  6313 | D:6      | Found Edemiem's Book Shop.
  6388 | D:6      | Found Bucsoph's Antique Armour Shop.
  6663 | D:6      | Found Feummit's Antique Armour Shop.
  6666 | D:6      | Bought a distressingly furry robe for 159 gold pieces
  6666 | D:6      | Identified the +1 robe "Wanydu" {Fly Will++ Int-3} (You
                  | bought it in a shop on level 6 of the Dungeon)
  6771 | D:6      | Found a shimmering blue altar of Sif Muna.
  6863 | D:6      | Gained mutation: You have hooves in place of feet. [demonic
                  | ancestry]
  6863 | D:6      | Reached XP level 8. HP: 60/60 MP: 2/14
  6950 | D:6      | Found Vaduorch's Book Shoppe.
  7102 | D:6      | Found Lytar's Antique Weapon Shop.
  7285 | D:7      | Found a shimmering altar of Xom.
  7296 | D:7      | Reached skill level 7 in Necromancy
  7592 | D:7      | Reached skill level 5 in Spellcasting
  7600 | D:7      | Reached skill level 5 in Dodging
  7774 | D:7      | Reached skill level 5 in Fighting
  8808 | D:7      | Gained mutation: A demonic guardian rushes to your aid.
                  | [demonic ancestry]
  8808 | D:7      | Reached XP level 9. HP: 60/68 MP: 1/17
  9100 | D:5      | Killed Sigmund
  9101 | D:5      | Reached skill level 8 in Necromancy
  9731 | D:8      | Found an ancient bone altar of Kikubaaqudgha.
  9738 | D:8      | Became a worshipper of Kikubaaqudgha
  9748 | D:8      | Found a sacrificial altar of Ru.
 11356 | D:9      | Found a snail-covered altar of Cheibriados.
 11484 | D:9      | Noticed Erica
 11516 | D:9      | Noticed a two-headed ogre
 12068 | D:9      | Noticed an ice statue
 12156 | D:9      | Reached skill level 9 in Necromancy
 12179 | D:9      | Reached XP level 10. HP: 44/79 MP: 6/20
 12683 | D:9      | Reached * piety under Kikubaaqudgha
 12683 | D:9      | Received a gift from Kikubaaqudgha
 12753 | D:9      | HP: 2/79 [yak (11)]
 12794 | D:9      | Killed a two-headed ogre
 13116 | D:9      | Reached skill level 10 in Necromancy
 13401 | D:9      | Killed Erica
 13983 | D:10     | Entered Level 10 of the Dungeon
 13989 | D:10     | Found an ornate altar of the Wu Jian Council.
 14102 | D:10     | Found a runed translucent door.
 14102 | D:10     | Found a shimmering altar of Xom.
 14102 | D:10     | Noticed a +2 long sword of chaos
 14102 | D:10     | Noticed pigah's ghost (journeyman OpSh)
 14222 | D:10     | Gained mutation: A powerful demonic guardian rushes to your
                  | aid. [demonic ancestry]
 14222 | D:10     | Reached XP level 11. HP: 76/87 MP: 23/23
 14238 | D:10     | Reached ** piety under Kikubaaqudgha
 14485 | D:10     | Noticed a two-headed ogre
 14497 | D:10     | Killed a two-headed ogre
 14522 | D:10     | Noticed a cyan ugly thing
 14532 | D:10     | Killed a cyan ugly thing
 14590 | D:10     | Found a bloodstained altar of Trog.
 14708 | D:10     | Identified the +7 whip "Foijesua" {heavy, rF+}
 14740 | D:10     | Found a broken altar of Ashenzari.
 15276 | D:10     | Noticed a fire dragon
 15464 | D:11     | Noticed a two-headed ogre
 15476 | D:10     | Killed a two-headed ogre
 17224 | D:10     | Reached skill level 11 in Necromancy
 17468 | D:10     | Learned a level 5 spell: Curse of Agony
 17492 | D:10     | Slain by a wyvern

Illustrated notes

Levels and vault maps discovered:
D:1:      tekkud_arrival_beachfront_property, layout_basic, serial_forest,
          infiniplex_forest_lined_room_2, infiniplex_forest_3_way,
          infiniplex_forest_lined_1, infiniplex_forest_lined_3_way,
          infiniplex_forest_clump_small, infiniplex_forest_lined_3_way,
          infiniplex_forest_clump_tiny, st_stairs_11, nrook_campfire
D:2:      layout_basic, serial_shops, nicolae_shop_tiny_real_fake_doors
D:3:      layout_rooms, lightli_temple_of_fire,
          dreamdust_ecumenical_altar_hidden_monk_grotto
D:4:      layout_basic, mainiacjoe_overflow_tiny_flanked,
          minmay_temple_entry_waves
D:5:      layout_loops_ring, zin_angel, guppyfry_early_orc_mine, uniq_sigmund
D:6:      layout_rooms, hellmonk_sif_muna_bookshelves, serial_shops, shop, shop,
          shop, nicolae_shop_behind_doors, nicolae_shop_hallway_stairs,
          uniq_menkaure
D:7:      layout_loops_cross, kennysheep_little_box
D:8:      layout_loops_ring, nicolae_ru_great_annihilating_truth,
          nicolae_kikubaaqudgha_miasma_corner
D:9:      layout_loops_corners, mainiacjoe_overflow_surrounded_room,
          slow_altar_2, ebering_ghost_rock_garden, minmay_splitting_lines,
          minivault_15, uniq_erica
D:10:     dragon1_lemuel, layout_loops_ring,
          nicolae_wu_jian_immortal_techniques, erik_lair_dragon, special_room
          [special_room_orc], ebering_ghost_xom, kennysheep_big_empty_room,
          hangedman_abyss_or_decor_stagger, hangedman_feature_mirror,
          chequers_serial_rivers_micro_c
D:11:     layout_cave_pods, nicolae_houndstooth_variations
Temple:   minmay_temple_bridge_abc

Skill      XL: |  1  2  3  4  5  6  7  8  9 10 11 |
---------------+----------------------------------+-----
Dodging        | 2 3 4 5 6 8 |  8.6
Stealth        | 2 |  2.0
Fighting       | 1 2 3 4 5 7 8 9 |  9.0
Necromancy     | 5 6 7 9 10 11 | 11.0
Spellcasting   | 3 4 5 6 8 |  8.6

Action                     |  1- 3 |  4- 6 |  7- 9 | 10-12 || total
---------------------------+-------+-------+-------+-------++-------
  Melee: Club              |     5 |       |       |       ||     5
         Short sword       |       |    33 |    45 |       ||    78
         Kick              |       |     8 |    49 |    48 ||   105
         Punch             |       |     2 |     4 |     3 ||     9
         Flail             |       |       |   102 |    73 ||   175
         Scimitar          |       |       |       |    12 ||    12
         Whip              |       |       |       |    25 ||    25
   Cast: Necrotise         |    58 |   106 |    92 |    33 ||   289
         Vampiric Draining |       |    12 |    74 |    80 ||   166
         Animate Dead      |       |       |       |     1 ||     1
         Curse of Agony    |       |       |       |     1 ||     1
   Stab: Distracted        |       |     1 |       |       ||     1
         Sleeping          |       |       |       |     1 ||     1
 Armour: Robe              |    13 |    36 |   124 |   124 ||   297
  Dodge: Dodged            |    20 |    60 |   336 |   205 ||   621
